 Dungeon Crawl Stone Soup version 0.29-a0-451-gfbfa42419e (webtiles) character file.

Game seed: 14065430071687394185

291 dabmancer the Magician (level 6, -5/37 HPs)
             Began as an Octopode Hedge Wizard on May 20, 2022.
             Was an Initiate of Yredelemnul.
             Slain by Dowan
             ... wielding a +0 dagger of venom
              (7 damage)
             ... on level 4 of the Dungeon.
             The game lasted 00:37:17 (4595 turns).

dabmancer the Magician (Octopode Hedge Wizard)      Turns: 4595, Time: 00:37:24

Health: -5/37      AC:  1    Str: 10    XL:     6   Next: 32%
Magic:  10/13      EV: 13    Int: 18    God:    Yredelemnul [......]
Gold:   165        SH:  0    Dex: 11    Spells: 4/14 levels left

rFire   . . .      SeeInvis .   j - staff of conjuration
rCold   . . .      Faith    .   (no shield)
rNeg    . . .      Spirit   .   b - +0 hat
rPois   .          Reflect  .   (no amulet)
rElec   .          Harm     .   (no ring)
rCorr   .          Rampage  .   (no ring)
Will    .....                   (no ring)
Stlth   ++........              (no ring)
HPRegen 0.12/turn               (no ring)
MPRegen 0.13/turn               (no ring)
                                (no ring)
                                (no ring)

@: confused, lethally poisoned (-5 -> -16), ambrosia-drunk, very slightly
contaminated
A: almost no armour, amphibious, 8 rings, camouflage 1, gelatinous body 1,
(nimble swimmer 1), tentacles
a: Renounce Religion, Recall Undead Harvest


You were on level 4 of the Dungeon.
You worshipped Yredelemnul.
Yredelemnul was noncommittal.
You visited 2 branches of the dungeon, and saw 5 of its levels.

You collected 165 gold pieces.

Inventory:

Hand Weapons
 a - a +0 dagger
 g - a +1 mace of holy wrath
 i - a +2 short sword of draining
 q - a +0 hunting sling
 v - a +1 whip of venom
 z - a +0 short sword of flaming
Missiles
 p - 2 poisoned darts
 A - 3 large rocks
 D - 41 stones
Armour
 b - a +0 hat (worn)
 o - a +0 helmet
Magical Staves
 j - a staff of conjuration (weapon)
Wands
 r - a wand of flame (7)
 t - a wand of polymorph (2)
Scrolls
 d - a scroll of summoning {unknown}
 e - 2 scrolls of magic mapping {unknown}
 f - 4 scrolls of noise {unknown}
 h - a scroll of enchant weapon {unknown}
 l - a scroll of blinking {unknown}
 n - 2 scrolls of silence {unknown}
 s - a scroll of teleportation {unknown}
 x - 2 scrolls of identify {unknown}
 y - a scroll of vulnerability {unknown}
 B - a scroll of enchant armour {unknown}
Potions
 c - a potion of magic
 k - a potion of invisibility {unknown}
 m - a potion of resistance {unknown}
 u - a potion of ambrosia
 w - 2 potions of attraction {unknown}
 C - a potion of mutation {unknown}


   Skills:
 + Level 0.3 Fighting
 + Level 1.0 Staves
 + Level 0.3 Throwing
 + Level 2.2 Dodging
 + Level 3.6 Stealth
 + Level 4.8 Spellcasting
 + Level 2.3 Conjurations
 + Level 2.5 Summonings
 + Level 1.3 Translocations


You had 4 spell levels left.
You knew the following spells:

 Your Spells              Type           Power      Damage    Failure   Level
a - Magic Dart            Conj           76%        1d6       5%          1
b - Blink                 Tloc           18%        N/A       12%         2
c - Call Imp              Summ           13%        N/A       8%          2
d - Sandblast             Erth           8%         2d5       14%         1
e - Summon Small Mammal   Summ           52%        N/A       4%          1
f - Call Canine Familiar  Summ           13%        N/A       14%         3

Your spell library contained the following spells:

 Spells                   Type           Power      Damage    Failure   Level
 Slow                     Hex            16%        N/A       14%         1
 Passwall                 Tmut/Erth      3%         N/A       21%         2
 Summon Guardian Golem    Hex/Summ       8%         N/A       24%         3
 Conjure Flame            Conj/Fire      12%        6-21      26%         3
 Stone Arrow              Conj/Erth      24%        3d8       26%         3
 Mephitic Cloud           Conj/Pois/Air  10%        N/A       30%         3
 Chain Lightning          Conj/Air       6%         3d8       100%        9
 Fire Storm               Conj/Fire      6%         8d2       100%        9
 Shatter                  Erth           2%         3d6*      100%        9


Dungeon Overview and Level Annotations

Branches:
Dungeon (4/15)             Temple (1/1) D:4

Altars:
Cheibriados
Elyvilon
Fedhas
Gozag
Hepliaklqana
Kikubaaqudgha
Makhleb
Okawaru
Qazlal
Ru
Sif Muna
Trog
Uskayaw
Vehumet
Yredelemnul
The Shining One

Annotations:
D:4 Dowan


Innate Abilities, Weirdness & Mutations

You cannot wear most types of armour.
You are amphibious.
You can wear up to eight rings at the same time.
Your skin changes colour to match your surroundings (Stealth+).
Your rubbery body absorbs attacks. (AC +1, EV +1)
((You are camouflaged when in or above water. (Stealth+)))
You have tentacles for arms and can constrict up to eight enemies at once.


Message History

You are poisoned.
You feel sick.
Your bat hits Dowan but does no damage.
You feel sick. Dowan barely misses you.
You feel sick.
Your bat barely misses Dowan.
You hit Dowan but do no damage. Your grab misses Dowan.
Dowan is moderately wounded.
You feel sick.
Your bat hits Dowan but does no damage.
Dowan hits you with a +0 dagger of venom.
Dowan mumbles some strange words.
Dowan blinks!
Casting: Summon Small Mammal (safe; 4% risk of failure)
Confirm with . or Enter, or press ? or * to list all spells.
Okay, then.
You feel a surge of power!
The magic dart hits Dowan.
Dowan is moderately wounded.
You feel sick.
Your bat misses Dowan.
You feel a surge of power!
You miscast Magic Dart.
You are very lightly contaminated with residual magic.
Nothing appears to happen.
You feel sick.
Your bat hits Dowan but does no damage.
Dowan points at you and mumbles some strange words.
The shard of ice hits you!!
Ouch! That really hurt!
* * * LOW HITPOINT WARNING * * *
It was a potion of ambrosia.
You are confused.
You feel invigorated.
You feel sick.
Your bat barely misses Dowan.
Dowan hits you with a +0 dagger of venom.
* * * LOW HITPOINT WARNING * * *
You are more poisoned.
Unknown command.
You are more confused.
You feel more invigorated.
* * * LOW HITPOINT WARNING * * *
You feel very sick.
Dowan shakes with grief.
Dowan closely misses you.
Your bat closely misses Dowan.
Dowan hits you with a +0 dagger of venom!
You die...
Your body rises from the dead as a mindless zombie.

#....).....#...........
##..).....<####......#.
#...#...............# ..
#.#.#.###...........# ...
#.#.#.# #......###+##### #..
#.#.#.###......###...... #..
###.#.......#..#.......######..
#...........##................#
#...........##@b..............#
#............+e5.>.............
#....<.....###.................
#..........# #.........).......
#...######## #.......#######+#.
#...# #.......# #. #####
#.......# #. #.......# #.
#.......# #.


You could see Dowan (fast, ally target), a friendly white imp (summoned) and a
friendly bat (summoned).

Vanquished Creatures
  A scorpion (D:4)
  Terence (D:2)
  An orc wizard (D:4)
  An adder (D:2)
  A worm (D:4)
  8 orcs
  5 ball pythons
  5 endoplasms
  A giant cockroach (D:2)
  5 goblins
  A hobgoblin (D:2)
  6 jackals
  3 kobolds
  2 quokkas
  A bat (D:3)
  3 frilled lizards (D:1)
  4 rats
49 creatures vanquished.

Vanquished Creatures (collateral kills)
  Duvessa (D:4)
  2 worms (D:2)
3 creatures vanquished.

Vanquished Creatures (others)
  An orc zombie (D:4)
1 creature vanquished.

Grand Total: 53 creatures vanquished

Notes
Turn   | Place    | Note
-------+----------+-------------------------------------------
     0 | D:1      | dabmancer the Octopode Hedge Wizard began the quest for the
                  | Orb.
     0 | D:1      | Reached XP level 1. HP: 11/11 MP: 4/4
   246 | D:1      | You fall into a shaft and drop 1 floor!
   396 | D:1      | Reached XP level 2. HP: 17/17 MP: 0/6
   488 | D:1      | Learned a level 2 spell: Blink
   491 | D:1      | Learned a level 2 spell: Call Imp
  1070 | D:2      | Learned a level 1 spell: Sandblast
  1516 | D:2      | Reached XP level 3. HP: 17/21 MP: 4/8
  1721 | D:2      | Noticed Terence
  1736 | D:2      | Killed Terence
  1919 | D:2      | Reached XP level 4. HP: 27/27 MP: 6/9
  3148 | D:3      | Reached skill level 4 in Spellcasting
  3319 | D:4      | Noticed a scorpion
  3335 | D:4      | Killed a scorpion
  3336 | D:4      | Reached XP level 5. HP: 31/31 MP: 5/11
  3506 | D:4      | Found a staircase to the Ecumenical Temple.
  3512 | Temple   | Entered the Ecumenical Temple
  3579 | Temple   | Became a worshipper of Yredelemnul the Dark
  3976 | D:4      | Noticed Dowan
  4351 | D:4      | Noticed Duvessa
  4556 | D:4      | Learned a level 1 spell: Summon Small Mammal
  4560 | D:4      | Learned a level 3 spell: Call Canine Familiar
  4581 | D:4      | Killed Duvessa
  4582 | D:4      | Reached skill level 1 in Staves
  4582 | D:4      | Reached XP level 6. HP: 37/37 MP: 1/13
  4594 | D:4      | HP: 1/37 [Dowan/+0 dagger of venom (5)]
  4595 | D:4      | Slain by Dowan

Illustrated notes

Levels and vault maps discovered:
D:1:      amcnicky_arrival_blooded_trapdoor, layout_loops_ring
D:2:      layout_basic, uniq_terence
D:3:      layout_basic
D:4:      layout_basic, grunt_dithmenos_smoke, minmay_temple_entry_grid,
          uniq_duvessa
Temple:   eino_temple_rhombus

Skill      XL: |  1  2  3  4  5 |
---------------+----------------+-----
Stealth        | 3 |  3.6
Spellcasting   | 4 |  4.8
Conjurations   | 2 |  2.3
Staves         | 1 |  1.0
Summonings     | 2 |  2.5
Fighting       | |  0.3
Throwing       | |  0.3
Dodging        | |  2.2
Translocations | |  1.3

Action                   |  1- 3 |  4- 6 || total
-------------------------+-------+-------++-------
Melee: Tentacles         |     4 |    11 ||    15
       Dagger            |     1 |       ||     1
       Staff             |    13 |    27 ||    40
       Constrict         |     3 |    11 ||    14
Throw: Dart              |     4 |       ||     4
 Cast: Magic Dart        |    46 |    84 ||   130
       Call Imp          |     2 |     9 ||    11
       Blink             |     2 |     4 ||     6
       Summon Small Mamm |       |     2 ||     2
       Call Canine Famil |       |     1 ||     1
  Use: Potion            |     1 |     3 ||     4
Dodge: Dodged            |    16 |    17 ||    33

Table legend: (Time is in decaauts)
 A = Elapsed time spent in this place.
 B = Non-inter-level travel time spent in this place.
 C = Inter-level travel time spent in this place.
 D = Time resting spent in this place.
 E = Time spent auto-exploring this place.
 F = Levels seen in this place.
 G = Mean time per level.
                   A        B        C        D        E       F      G
               +--------+--------+--------+--------+--------+-----+--------+
         Total |   4603 |   4548 |     55 |    275 |   3263 |   5 |  920.6 |
       Dungeon |   4058 |   4012 |     46 |     44 |   3191 |   4 | 1014.5 |
        Temple |    544 |    535 |      9 |    231 |     72 |   1 |  544.0 |
               +--------+--------+--------+--------+--------+-----+--------+

Top non-repeatable levels by time:
     D:2: 1488 daAuts
     D:1: 915 daAuts
     D:3: 870 daAuts
     D:4: 784 daAuts
  Temple: 544 daAuts
